 Dungeon Crawl Stone Soup version 0.30-b1-2-g02819fbbbe (webtiles) character file.

Game seed: 7925050725936570240

158 nightchill the Chopper (level 5, 0/48 HPs)
             Began as a Minotaur Fighter on Jan 12, 2024.
             Slain by a gnoll bouda
             ... wielding a +0 club
              (7 damage)
             ... on level 3 of the Dungeon.
             The game lasted 00:04:40 (2422 turns).

nightchill the Chopper (Minotaur Fighter)           Turns: 2422, Time: 00:04:41

Health: 0/48       AC: 17    Str: 23    XL:     5   Next: 16%
Magic:  4/4        EV:  6    Int:  1    God:
Gold:   278        SH:  0    Dex: 13    Spells: 4/4 levels left

rFire   + . .        a - +0 war axe
rCold   + . .        c - +0 buckler
rNeg    . . .        m - +6 plate armour of the Soft God {+Blink Int-4 Dex+4 SInv}
rPois   .            (helmet restricted)
rElec   .            p - scarf {rC+ rF+}
rCorr   .            (no gloves)
SInv    +            (no boots)
Will    .....        (no amulet) Stlth
                     j - ring of see invisible
HPRegen 0.28/turn    (no ring)
MPRegen 0.09/turn

%: no passive effects
@: confused, ambrosia-drunk
A: horns 2, retaliatory headbutt
a: Evoke Blink


You were on level 3 of the Dungeon.
You visited 1 branch of the dungeon, and saw 4 of its levels.

You collected 278 gold pieces.

Inventory:

Hand Weapons
 a - a +0 war axe (weapon)
 s - a +0 war axe
Armour
 b - a +0 scale mail
 c - a +0 buckler (worn)
 m - the +6 plate armour of the Soft God (worn) {+Blink Int-4 Dex+4 SInv}
   (You found it on level 2 of the Dungeon)

   Int:       It affects your intelligence (-4).
   Dex:       It affects your dexterity (+4).
   SInv:      It lets you see invisible.
   +Blink:    It lets you blink.
 p - a scarf of resistance (worn)
Jewellery
 j - a ring of see invisible (left hand)
 w - an amulet of magic regeneration
Scrolls
 e - 3 scrolls of teleportation {unknown}
 f - a scroll of blinking {unknown}
 g - 3 scrolls of identify {unknown}
 i - a scroll of brand weapon {unknown}
 o - a scroll of vulnerability {unknown}
 q - a scroll of immolation {unknown}
 r - a scroll of noise {unknown}
 u - a scroll of magic mapping {unknown}
 v - a scroll of fog {unknown}
Potions
 d - 2 potions of might
 h - 2 potions of ambrosia
 k - a potion of flight {unknown}
 l - a potion of degeneration {unknown}
 n - a potion of haste {unknown}
 t - a potion of curing {unknown}


   Skills:
 + Level 5.0 Fighting
 * Level 5.5 Axes
 - Level 3.6 Armour
 - Level 3.6 Shields


You had 4 spell levels left.
You didn't know any spells.
Your spell library was empty.

Dungeon Overview and Level Annotations

Branches:
Dungeon (4/15)
 Temple: D:4-7

Altars:
Trog
Wu Jian

Shops:
D:3 =


Innate Abilities, Weirdness & Mutations

You have a pair of horns on your head.
You reflexively headbutt those who attack you in melee.


Message History

The gnoll hits you with a +0 flail!
You are too injured to fight recklessly!
You are too injured to fight recklessly!
You are too injured to fight recklessly!
You are too injured to fight recklessly!
You barely miss the gnoll. You hit the gnoll bouda.
You completely miss the gnoll. The gnoll hits you but does no damage.
The gnoll hits you with a +0 flail. x2
The gnoll bouda hits you with a +0 club.
* * * LOW HITPOINT WARNING * * *
The gnoll hits you with a +0 flail!
* * * LOW HITPOINT WARNING * * *
The gnoll barely misses you.
You climb upwards.
Your attacks no longer feel as feeble.
There is a stone staircase leading down here.
You barely miss the gnoll bouda.
The gnoll bouda is lightly wounded.
You hit the gnoll. You hit the gnoll but do no damage.
The gnoll bouda hits you with a +0 club.
* * * LOW HITPOINT WARNING * * *
The gnoll hits you with a +0 flail.
* * * LOW HITPOINT WARNING * * *
The gnoll hits you but does no damage.
You slash the gnoll bouda!
You headbutt the gnoll bouda, but do no damage.
The gnoll bouda is almost dead.
You barely miss the gnoll. You hit the gnoll.
The gnoll bouda hits you with a +0 club.
* * * LOW HITPOINT WARNING * * *
You block the gnoll's attack. The gnoll hits you but does no damage.
The gnoll bouda hits you with a +0 club.
* * * LOW HITPOINT WARNING * * *
The gnoll barely misses you.
It was a potion of ambrosia.
You are confused.
You feel invigorated.
The gnoll is no longer moving quickly.
The gnoll closely misses you.
The gnoll bouda hits you with a +0 club!
You die...

####### #.....# ##.##.# #.##.#
####### #.##.# #.....#
#.##.###########.##.#
#.##.............##.# #####
#.#################.# #...#
#.##.........g@....(# #....
#.##.#########gg##### #....
#.##........<#...# #....
#.############.#.## ##...
#..............#..##########...
###############.................
#<............#####..########...
#############.######..### #....
#...............## #....


You could see a gnoll bouda and 2 gnolls.

Vanquished Creatures
  A jelly (D:4)
  Robin (D:2)
  3 gnolls (D:3)
  2 worms
  3 dart slugs
  6 orcs (D:3)
  4 ball pythons
  15 goblins
  11 hobgoblins
  6 jackals
  2 quokkas (D:1)
  A frilled lizard (D:1)
  7 kobolds
  3 rats
65 creatures vanquished.

Notes
Turn   | Place    | Note
-------+----------+-------------------------------------------
     0 | D:1      | nightchill the Minotaur Fighter began the quest for the
                  | Orb.
     0 | D:1      | Reached XP level 1. HP: 19/19 MP: 0/0
   214 | D:1      | Reached XP level 2. HP: 25/27 MP: 1/1
   494 | D:1      | Reached XP level 3. HP: 27/33 MP: 2/2
  1005 | D:2      | Identified the +6 plate armour of the Soft God {+Blink
                  | Int-4 Dex+4 SInv}
  1044 | D:2      | Noticed Robin
  1055 | D:2      | Killed Robin
  1673 | D:3      | Reached XP level 4. HP: 41/41 MP: 3/3
  1690 | D:3      | Found an ornate altar of the Wu Jian Council.
  1814 | D:3      | Reached skill level 5 in Axes
  2055 | D:3      | Found a bloodstained altar of Trog.
  2064 | D:3      | Found Meulesof's Jewellery Shop.
  2406 | D:4      | Reached skill level 5 in Fighting
  2406 | D:4      | Reached XP level 5. HP: 43/48 MP: 4/4
  2422 | D:3      | Slain by a gnoll bouda

Illustrated notes

Levels and vault maps discovered:
D:1:      psy_arrival_terrarium, layout_loops_corners,
          nicolae_figureground_sparkle
D:2:      layout_loops_cross, uniq_robin
D:3:      layout_basic, amcnicky_altar_gilded, lemuel_doored_altar,
          serial_shops, shop, kennysheep_nondescript
D:4:      layout_rooms, minmay_temple_entry_mist, serial_shops, shop

Skill      XL: |  1  2  3  4 |
---------------+-------------+-----
Axes           | 3 4 5 |  5.5
Fighting       | 4 5 |  5.0
Armour         | |  3.6
Shields        | |  3.6

Action                     |  1- 3 |  4- 6 || total
---------------------------+-------+-------++-------
  Melee: War axe           |    79 |    55 ||   134
         Headbutt          |     9 |    13 ||    22
    Use: Potion            |       |     1 ||     1
 Armour: Scale mail        |    30 |       ||    30
         Plate armour      |     5 |    30 ||    35
  Dodge: Dodged            |    26 |    18 ||    44
  Block: Buckler           |    14 |    17 ||    31
